 Dungeon Crawl Stone Soup version 0.18-a0-1157-g59db91b (webtiles) character file.

3255 st0uf the Sneak (level 10, -1/59 HPs)
             Began as a Gargoyle Venom Mage on Jan 23, 2016.
             Slain by a yak (11 damage)
             ... on level 9 of the Dungeon.
             The game lasted 00:42:16 (7261 turns).

st0uf the Sneak (Gargoyle Venom Mage)               Turns: 7261, Time: 00:42:16

Health: -1/59      AC: 13    Str: 11    XL:     10   Next: 0%
Magic:  10/17      EV: 14    Int: 20    God:    Xom [...*..]
Gold:   527        SH:  0    Dex: 12    Spells: 3 memorised, 11 levels left

rFire  . . .     SeeInvis .     B - +9 trident of Ubuy {pain, MR+}
rCold  . . .     Gourm    .     L - +3 leather armour
rNeg   + . .     Faith    .     (no shield)
rPois  ∞         Spirit   .     (no helmet)
rElec  +         Dismiss  .     (no cloak)
rCorr  .         Reflect  .     (no gloves)
SustAt .         Harm     .     (no boots)
MR     ++...                    (no amulet)
Stlth  +++.......               y - ring of wizardry
                                E - ring of protection from magic

@: very resistant to hostile enchantments, fairly stealthy
A: agile 1, blurry vision 1, negative energy resistance 1, electricity
resistance, unbreathing, petrification resistance, rot immunity, AC +7
a: Renounce Religion


You were on level 9 of the Dungeon.
You worshipped Xom.
You were a favourite toy of Xom.
You were hungry.

You visited 2 branches of the dungeon, and saw 10 of its levels.

You collected 527 gold pieces.

Inventory:

Hand Weapons
 f - a +0 whip
 B - the +9 trident of Ubuy (weapon) {pain, MR+}
   (You found it on level 5 of the Dungeon)

   In the hands of one skilled in necromantic magic, it inflicts extra damage on
   living creatures.
   It affects your resistance to hostile enchantments.
Armour
 a - a +0 robe
 L - a +3 leather armour (worn)
Magical Staves
 S - an uncursed staff of cold
Jewellery
 q - an uncursed ring of sustain attributes
 y - a ring of wizardry (right hand)
 E - a ring of protection from magic (left hand)
 I - an uncursed ring of protection from cold {unknown}
 P - an uncursed ring of protection from cold {unknown}
Wands
 R - a wand of confusion (33/48)
Scrolls
 j - 10 scrolls of identify {unknown}
 k - 4 scrolls of teleportation {unknown}
 l - 6 scrolls of remove curse {unknown}
 n - a scroll of fear {unknown}
 p - 2 scrolls of noise {unknown}
 r - 5 scrolls of enchant weapon {unknown}
 u - 2 scrolls of fog {unknown}
 x - 2 scrolls of amnesia {unknown}
 z - a scroll of immolation {unknown}
 G - a scroll of magic mapping {unknown}
Potions
 e - a potion of haste {unknown}
 h - 3 potions of ambrosia {unknown}
 i - a potion of brilliance {unknown}
 m - 2 potions of agility {unknown}
 o - 3 potions of heal wounds {unknown}
 w - a potion of might {unknown}
 A - 2 potions of invisibility {unknown}
 C - 3 potions of lignification {unknown}
 F - 3 potions of curing {unknown}
 K - 2 potions of flight {unknown}
 M - 2 potions of mutation {unknown}
 N - a potion of cure mutation {unknown}
 Q - a potion of magic {unknown}
Books
 b - a Young Poisoner's Handbook

   Spells                             Type                      Level
   a - Sting                          Conjuration/Poison           1
   b - Cure Poison                    Poison                       2
   c - Mephitic Cloud                 Conjuration/Poison/Air       3
   d - Olgreb's Toxic Radiance        Poison                       4
   e - Venom Bolt                     Conjuration/Poison           5
 t - a book of Ice

   Spells                             Type                      Level
   a - Ice Form                       Ice/Transmutation            4
   b - Metabolic Englaciation         Hexes/Ice                    5
   c - Ozocubu's Refrigeration        Ice                          6
   d - Bolt of Cold                   Conjuration/Ice              6
   e - Freezing Cloud                 Conjuration/Ice/Air          6
   f - Simulacrum                     Ice/Necromancy               6
 D - a book of Debilitation

   Spells                             Type                      Level
   a - Corona                         Hexes                        1
   b - Slow                           Hexes                        2
   c - Gell's Gravitas                Hexes/Translocation          3
   d - Inner Flame                    Hexes/Fire                   3
   e - Cause Fear                     Hexes                        4
   f - Leda's Liquefaction            Hexes/Earth                  4
 H - an Akashic Record

   Spells                             Type                      Level
   a - Dispersal                      Translocation                6
   b - Malign Gateway                 Summoning/Translocation      7
   c - Disjunction                    Translocation                8
   d - Controlled Blink               Translocation                8
 J - a book of Hinderance

   Spells                             Type                      Level
   a - Confusing Touch                Hexes                        2
   b - Confuse                        Hexes                        3
   c - Gell's Gravitas                Hexes/Translocation          3
   d - Petrify                        Transmutation/Earth          4
   e - Metabolic Englaciation         Hexes/Ice                    5
   f - Yara's Violent Unravelling     Hexes/Transmutation          5
 O - a Necronomicon

   Spells                             Type                      Level
   a - Haunt                          Necromancy/Summoning         7
   b - Borgnjor's Revivification      Necromancy                   8
   c - Death's Door                   Charms/Necromancy            8
   d - Necromutation                  Transmutation/Necromancy     8
Comestibles
 c - 5 bread rations
 d - 3 meat rations
 g - 10 fruits
 s - 2 royal jellies
 v - 4 beef jerkies


   Skills:
 + Level 5.5 Fighting
 - Level 1.3 Maces & Flails
 - Level 0.5 Polearms
 + Level 2.5 Armour
 + Level 6.2 Dodging
 + Level 6.9 Stealth
 + Level 5.0 Spellcasting
 + Level 4.2 Conjurations
 + Level 1.0 Air Magic
 + Level 6.1 Poison Magic


You had 11 spell levels left.
You knew the following spells:

 Your Spells              Type           Power        Failure   Level  Hunger
a - Sting                 Conj/Pois      ####         1%          1    None
b - Olgreb's Toxic Radia  Pois           ####....     6%          4    ####...
c - Mephitic Cloud        Conj/Pois/Air  ###.....     4%          3    ##.....


Dungeon Overview and Level Annotations

Branches:
Dungeon (9/15)             Temple (1/1) D:4
   Lair: D:8-11         Orc: D:9-12

Altars:
Ashenzari
Cheibriados
Dithmenos
Elyvilon
Fedhas
Gozag
Kikubaaqudgha
Makhleb
Nemelex Xobeh
Okawaru
Pakellas
Qazlal
Ru
Sif Muna
Trog
Vehumet
Xom
Yredelemnul
Zin
The Shining One

Annotations:
D:9 exclusion: orange crystal statue


Innate Abilities, Weirdness & Mutations

You are resistant to torment.
Your stone body is resilient (AC +7).
You are immune to poison.
You resist negative energy.
You are resistant to electric shocks.
You can survive without breathing.
You are immune to petrification.
You are immune to rotting.
You are agile. (Dex +2)
Scrolls take you a little longer to read.


Message History

Xom's power almost touches on you for a moment.
You hear strange and distant voices.
The yak gores you! The yak closely misses you.
The yak gores you but does no damage.
You hit the yak.
The yak is severely wounded.
The yak looks even sicker. x2
Your toxic aura wanes.
The yak gores you but does no damage. x2
You closely miss the yak.
The yak is severely wounded.
The yak gores you! The yak gores you.
* * * LOW HITPOINT WARNING * * *
The yak closely misses you.
You hit the yak.
The yak is heavily wounded.
The yak gores you!
* * * LOW HITPOINT WARNING * * *
The yak gores you!
You die...

#...............#
##...............#
#................#
#........%.......#
#...............#
#...............#
#.........).....#
###...........Y##
###.........Y@#
#..########..#
#..# #..# ....#
#.## #....# ..#
....... #..#
...?.. #..# ...#


You could see 2 yaks.

Vanquished Creatures
  The ghost of Kidiri the Sneak, a novice SpEn of Dithmenos (D:6)
  A yak (D:9)
  A hippogriff (D:8)
  3 sky beasts
  4 phantoms
  A necrophage (D:6)
  4 ice beasts
  3 ogres
  2 centaurs
  A crocodile (D:7)
  A giant frog (D:7)
  4 wights (D:8)
  A giant frog zombie (D:5)
  4 crimson imps
  A centaur zombie (D:5)
  A hound (D:5)
  A jelly (D:7)
  2 orc priests
  4 centaur skeletons
  A giant frog skeleton (D:7)
  An iron imp (D:8)
  4 orc wizards
  An iguana (D:6)
  4 worker ants
  9 adders
  2 shadow imps
  An ooze (D:1)
  2 adder skeletons
  2 worms
  6 giant geckos
  18 orcs
  5 giant cockroaches
  3 goblins
  3 hobgoblins (D:2)
  4 jackals (D:1)
  18 kobolds
  2 quokkas
  A ball python (D:3)
  13 bats
  A giant gecko skeleton (D:6)
  8 giant newts
  A jackal zombie (D:6)
  9 rats
  A plant (D:1)
160 creatures vanquished.

Vanquished Creatures (collateral kills)
  An adder (D:5)
  An orc (D:5)
2 creatures vanquished.

Grand Total: 162 creatures vanquished

Notes
Turn   | Place    | Note
--------------------------------------------------------------
     0 | D:1      | st0uf the Gargoyle Venom Mage began the quest for the Orb.
     0 | D:1      | Reached XP level 1. HP: 10/10 MP: 3/3
   404 | D:1      | Reached XP level 2. HP: 15/15 MP: 1/5
  1183 | D:1      | Reached XP level 3. HP: 16/19 MP: 1/6
  2064 | D:2      | Reached skill level 1 in Conjurations
  2101 | D:2      | Reached XP level 4. HP: 24/24 MP: 2/7
  2249 | D:2      | Reached skill level 1 in Maces & Flails
  2748 | D:3      | Reached XP level 5. HP: 8/28 MP: 2/9
  3674 | D:4      | Found a staircase to the Ecumenical Temple.
  3681 | Temple   | Entered the Ecumenical Temple
  3700 | Temple   | Became a worshipper of Xom of Chaos
  3774 | D:4      | XOM: harmless Pois miscast
  3956 | D:5      | Entered Level 5 of the Dungeon
  3956 | D:5      | Noticed a sky beast
  4010 | D:5      | Killed a sky beast
  4010 | D:5      | Reached skill level 1 in Fighting
  4010 | D:5      | Reached XP level 6. HP: 31/34 MP: 4/11
  4037 | D:5      | Reached skill level 5 in Poison Magic
  4047 | D:5      | Gained mutation: You are agile. (Dex +2) [mutagenic meat]
  4048 | D:5      | Gained mutation: Scrolls take you a little longer to read. [mutagenic meat]
  4074 | D:5      | Got a steaming trident
  4075 | D:5      | Identified the +9 trident of Ubuy {pain, MR+} (You found it on level 5 of the Dungeon)
  4086 | D:5      | XOM: cast spell 'Call Canine Familiar'
  4244 | D:5      | Noticed an ice beast
  4251 | D:5      | Learned a level 4 spell: Olgreb's Toxic Radiance
  4255 | D:5      | Learned a level 3 spell: Mephitic Cloud
  4265 | D:5      | Killed an ice beast
  4265 | D:5      | Reached XP level 7. HP: 23/39 MP: 8/13
  4326 | D:5      | XOM: harmless Erth miscast
  4402 | D:5      | XOM: cast spell 'Call Canine Familiar'
  4481 | D:5      | XOM: noise
  4483 | D:5      | XOM: noise
  4522 | D:5      | XOM: cast spell 'Call Canine Familiar'
  4542 | D:5      | XOM: confusion (+ monsters)
  4627 | D:5      | XOM: 1-stop teleportation journey
  4748 | D:5      | Reached XP level 8. HP: 40/45 MP: 11/14
  4758 | D:5      | Found a glowing golden altar of the Shining One.
  5076 | D:6      | XOM: summons 4 hostile demons
  5104 | D:6      | XOM: confuse monster(s)
  5170 | D:6      | Found a glowing silver altar of Zin.
  5171 | D:6      | Found a radiant altar of Vehumet.
  5171 | D:6      | Found a shadowy altar of Dithmenos.
  5171 | D:6      | Found an ancient bone altar of Kikubaaqudgha.
  5173 | D:6      | Found a deep blue altar of Sif Muna.
  5173 | D:6      | Found a burning altar of Makhleb.
  5211 | D:6      | XOM: cast spell 'Dragon Form'
  5219 | D:6      | Reached skill level 5 in Dodging
  5223 | D:6      | Noticed Kidiri's ghost (novice SpEn)
  5225 | D:6      | XOM: swap monsters
  5227 | D:6      | XOM: swap monsters
  5229 | D:6      | XOM: confusion
  5240 | D:6      | Killed Kidiri's ghost
  5240 | D:6      | Reached skill level 5 in Stealth
  5240 | D:6      | Reached XP level 9. HP: 52/52 MP: 14/16
  5840 | D:7      | XOM: enchant monster (good)
  5875 | D:7      | XOM: harmless Conj miscast
  5944 | D:7      | XOM: god gift: dyed leather armour {god gift}
  6062 | D:7      | Reached skill level 6 in Stealth
  6416 | D:8      | Found a snail-covered altar of Cheibriados.
  6767 | D:8      | XOM: mild Summ miscast
  6775 | D:8      | Reached skill level 5 in Fighting
  6775 | D:8      | Reached skill level 1 in Air Magic
  6928 | D:8      | Reached skill level 1 in Armour
  7047 | D:8      | XOM: blink monster(s)
  7086 | D:8      | XOM: confuse monster(s)
  7088 | D:8      | Reached skill level 5 in Spellcasting
  7107 | D:8      | XOM: mild Hex miscast
  7113 | D:8      | XOM: harmless Tloc miscast
  7156 | D:9      | Noticed an orange crystal statue
  7247 | D:9      | XOM: enchant monster (bad)
  7256 | D:9      | Reached XP level 10. HP: 44/59 MP: 12/17
  7258 | D:9      | XOM: harmless Necr miscast
  7261 | D:9      | Slain by a yak

Vault maps used:
D:1:      dpeg_arrival_water_temple_mockup, lexackson_kobold_supper
D:2:      first_bread
D:3:      guppyfry_early_lair_pool
D:4:      temple_green, bh_chokoban
D:5:      nicolae_overflow_crystal_walls
D:6:      grunt_temple_overflow_open
D:8:      slow_altar_1
D:9:      serial_shops, nicolae_shop_window_shopping, shop, shop,
          nicolae_shop_trees, shop_fountains, hangedman_tell_no_tales,
          minivault_16
Temple:   water_room_temple_b_12

Action                   |  1- 3 |  4- 6 |  7- 9 | 10-12 || total
-------------------------+-------+-------+-------+-------++-------
Melee: Unarmed           |    35 |       |    14 |       ||    49
       Whip              |   112 |    69 |       |       ||   181
       Trident           |       |    20 |   245 |     4 ||   269
 Cast: Sting             |    63 |    82 |    32 |       ||   177
       Mephitic Cloud    |       |     1 |     3 |       ||     4
       Olgreb's Toxic Ra |       |       |     1 |     1 ||     2
 Stab: Sleeping          |       |     1 |     8 |       ||     9
       Confused          |       |       |     5 |       ||     5
       Distracted        |       |       |     1 |       ||     1
  Eat: Chunk             |     5 |     9 |    10 |       ||    24
